 Dungeon Crawl Stone Soup version 0.25.1-11-g244df3a29b (webtiles) character file.

Game seed: 5099060794952621956

590 tkbsonic5 the Caller (level 7, -7/30 HPs)
             Began as a Felid Summoner on Dec 2, 2022.
             Was a Follower of Sif Muna.
             Engulfed by a steam dragon's steam (9 damage)
             ... on level 8 of the Dungeon on Dec 3, 2022.
             The game lasted 00:53:10 (9445 turns).

tkbsonic5 the Caller (Felid Summoner)               Turns: 9445, Time: 00:53:10

Health: -7/30      AC:  4    Str:  4    XL:     7   Next: 15%
Magic:  1/15       EV: 21    Int: 19    God:    Sif Muna [*.....]
Gold:   539        SH:  0    Dex: 16    Spells: 0/15 levels left
                                        Lives:  0   Deaths: 2

rFire    . . .     SeeInvis +     - Unarmed
rCold    . . .     Gourm    .   (shield unavailable)
rNeg     . . .     Faith    .   (armour unavailable)
rPois    .         Spirit   .   (helmet unavailable)
rElec    .         Reflect  .   (cloak unavailable)
rCorr    .         Harm     .   (gloves unavailable)
MR       +....     Rnd*Tele +   (boots unavailable)
Stlth    +++.......             (no amulet)
HPRegen  0.10/turn              w - +4 ring of slaying
MPRegen  0.14/turn              p - +4 ring of slaying

@: about to teleport, quick
A: very small, no armour, no weapons or thrown items, stealth, claws 1, fangs 3,
icy blue scales 1, see invisible, carnivore, speed 1, shaggy fur 2, slow
metabolism 1, teleportitis 1, no potion heal 1, subdued magic 1, sharp paws
a: Channel Magic, Renounce Religion


You were on level 8 of the Dungeon.
You worshipped Sif Muna.
Sif Muna was aware of your devotion.
You were not hungry.

You visited 2 branches of the dungeon, and saw 9 of its levels.

You collected 539 gold pieces.

Inventory:

Jewellery
 a - an uncursed ring of flight {unknown}
 h - an uncursed ring of poison resistance
 p - a +4 ring of slaying (right paw)
 q - an uncursed ring of fire
 w - a +4 ring of slaying (left paw)
Wands
 i - a wand of clouds (7)
 j - a wand of polymorph (6)
 s - a wand of digging (3)
 u - a wand of iceblast (8)
Scrolls
 c - a scroll of teleportation
 r - a scroll of remove curse
 v - 2 scrolls of magic mapping
Potions
 n - 2 potions of flight
Comestibles
 b - 21 rations


   Skills:
 + Level 2.0 Fighting
 + Level 5.4 Dodging
 - Level 5.0 Stealth
 + Level 1.3 Unarmed Combat
 * Level 4.9 Spellcasting
 + Level 2.2 Conjurations
 + Level 6.1 Summonings
 * Level 3.3 Air Magic
 + Level 3.6 Evocations


You couldn't memorise any spells.
You knew the following spells:

 Your Spells              Type           Power        Failure   Level  Hunger
a - Summon Small Mammal   Summ           ###.         1%          1    None
b - Call Imp              Summ           ###.....     1%          2    #......
c - Call Canine Familiar  Summ           ###.....     2%          3    ##.....
d - Summon Lightning Spi  Summ/Air       ###.....     16%         4    ####...
e - Shock                 Conj/Air       ##..         3%          1    None
f - Airstrike             Air            ##........   28%         4    ####...

Your spell library contained the following spells:

 Spells                   Type           Power        Failure   Level  Hunger
 Swiftness                Chrm/Air       #.......     8%          2    #......
 Summon Guardian Golem    Hex/Summ       ##......     9%          3    ##.....
 Static Discharge         Conj/Air       ##......     10%         3    ##.....
 Summon Ice Beast         Ice/Summ       ##......     30%         4    ####...
 Lightning Bolt           Conj/Air       ##........   69%         5    ######.


Dungeon Overview and Level Annotations

Branches:
Dungeon (8/15)             Temple (1/1) D:4
   Lair: D:8-11

Altars:
Ashenzari
Cheibriados
Dithmenos
Elyvilon
Fedhas
Gozag
Hepliaklqana
Kikubaaqudgha
Makhleb
Nemelex Xobeh
Okawaru
Qazlal
Ru
Sif Muna
Uskayaw
Vehumet
Wu Jian
Xom
Yredelemnul
Zin
The Shining One

Shops:
D:4 (

Annotations:
D:6 3 runed translucent doors, pokeman's ghost, novice DEWz


Innate Abilities, Weirdness & Mutations

You cannot wear armour.
You are incapable of wielding weapons or throwing items.
Your paws allow you to move quietly. (Stealth)
You have sharp claws.
You have razor-sharp teeth.
You have supernaturally acute eyesight. (SInv)
You are carnivorous and can eat meat at any time.
You cover ground quickly.
You are covered in thick fur. (AC +2)
You have a slow metabolism.
Your sharp claws are effective at attacking unaware monsters.
You are partially covered in icy blue scales. (AC +2)
You are occasionally teleported next to monsters.
Potions are less effective at restoring your health.
Your spells are a little easier to cast, but a little less powerful.


Message History

The sky beast completely misses you. The steam dragon bites you.
The steam dragon claws you.
Your hound bites the steam dragon but does no damage.
The vampire casts a spell.
The vampire flickers and vanishes for a moment.
Your hound bites the steam dragon.
The vampire hits your rat!
Your rat dies!
Your rat's corpse disappears in a puff of smoke!
Your hound closely misses the steam dragon.
The steam dragon breathes steam at you. The ball of steam hits you!!
Ouch! That really hurt!
* * * LOW HITPOINT WARNING * * *
Your crimson imp hits the steam dragon.
Your hound bites the steam dragon but does no damage.
Okay, then.
As you read the scroll of teleportation, it crumbles to dust.
You feel strangely unstable.
You are engulfed in a cloud of scalding steam.
You die...

......##.....#..##....)...).....
.##..###....##..#...##....)o....
......#............###.≈........
......##.......§....##..........
†....(........h5V..............o
.........##..##D§§.............#
§.............##§Y§.............
#.).##..#.....#§..§§...#........
..§..#.###.##.#.@§.§...##....##.
.#...#.. ..#...#§###.#......#
.#..............#..#.....##....
.#.#.........)....##....## ....
...#......#...##......#.## ##.
..........##..##....##...#
.........# ####.....#....#
.....#. ............# .##..#
...........##


You could see a steam dragon (catching breath) and a sky beast (invisible).

Vanquished Creatures
  An orc warrior (D:6)
  An ice beast (D:7)
  A black bear (D:8)
  2 bullfrogs
  An orc priest (D:8)
  A hound (D:5)
  An iguana (D:7)
  2 orc wizards
  An adder (D:7)
  A leopard gecko (D:7)
  6 orcs
  A bat skeleton (D:2)
19 creatures vanquished.

Vanquished Creatures (collateral kills)
  A blink frog (D:6)
  Duvessa (D:4)
  A sky beast (D:8)
  A black bear (D:8)
  2 necrophages
  3 ogres
  A centaur (D:8)
  A bullfrog (D:6)
  Dowan (D:4)
  A scorpion (D:4)
  A crimson imp (D:7)
  3 hounds
  An orc priest (D:8)
  2 iguanas
  A bullfrog skeleton (D:5)
  4 orc wizards
  Jessica (D:2)
  4 worker ants
  7 gnolls
  2 howler monkey skeletons
  6 adders
  3 shadow imps
  An adder zombie (D:2)
  3 adder skeletons
  5 worms
  11 dart slugs
  6 leopard geckos
  4 orcs
  7 giant cockroaches
  10 goblins
  2 hobgoblins (D:2)
  2 jackals (D:6)
  4 ball pythons
  A ball python skeleton (D:2)
  3 bats
  4 frilled lizards
  A giant cockroach zombie (D:2)
  2 jackal skeletons (D:2)
  9 kobolds
  A leopard gecko skeleton (D:4)
  A quokka skeleton (D:2)
  A quokka zombie (D:7)
  5 rats
131 creatures vanquished.

Vanquished Creatures (others)
  A bullfrog (D:8)
  An orc wizard (D:4)
2 creatures vanquished.

Grand Total: 152 creatures vanquished

Notes
Turn   | Place    | Note
-------+----------+-------------------------------------------
     0 | D:1      | tkbsonic5 the Felid Summoner began the quest for the Orb.
     0 | D:1      | Reached XP level 1. HP: 7/7 MP: 4/4
   315 | D:1      | Reached XP level 2. HP: 11/11 MP: 4/6
   360 | D:1      | Learned a level 2 spell: Call Imp
   478 | D:1      | You fall into a shaft and drop 1 floor!
   871 | D:2      | Reached XP level 3. HP: 14/14 MP: 2/7
   876 | D:2      | Learned a level 3 spell: Call Canine Familiar
  1013 | D:2      | Noticed Jessica
  1027 | D:2      | Killed Jessica
  1809 | D:2      | Found a sparkling altar of Nemelex Xobeh.
  1988 | D:3      | Found a glowing drain.
  2015 | D:3      | Reached XP level 4. HP: 16/18 MP: 3/9
  2737 | D:3      | Reached skill level 1 in Evocations
  3591 | D:4      | Reached XP level 5. HP: 21/21 MP: 2/10
  3831 | D:4      | Found a shattered altar of Ashenzari.
  4166 | D:4      | Found Nomausu's Antique Weapon Boutique.
  4183 | D:4      | Found a staircase to the Ecumenical Temple.
  4264 | Temple   | Entered the Ecumenical Temple
  4350 | Temple   | Became a worshipper of Sif Muna the Loreminder
  4402 | D:4      | Found an opulent altar of Gozag.
  4476 | D:4      | Noticed Duvessa
  4505 | D:4      | Killed Duvessa
  4505 | D:4      | Reached skill level 5 in Summonings
  4512 | D:4      | Noticed Dowan
  4533 | D:4      | Killed Dowan
  4533 | D:4      | Gained mutation: You are covered in thick fur. (AC +2)
                  | [Felid growth]
  4533 | D:4      | Reached XP level 6. HP: 24/24 MP: 0/12
  4625 | D:4      | Learned a level 4 spell: Summon Lightning Spire
  5552 | D:5      | Entered Level 5 of the Dungeon
  5561 | D:5      | Reached skill level 1 in Air Magic
  6289 | D:5      | Learned a level 1 spell: Shock
  6343 | D:5      | Reached XP level 7. HP: 24/27 MP: 3/14
  6677 | D:6      | Noticed Maggie
  7082 | D:6      | Reached skill level 1 in Conjurations
  7286 | D:6      | Found a runed translucent gate.
  7287 | D:6      | Found a runed translucent gate.
  7304 | D:6      | Found a runed translucent gate.
  7304 | D:6      | Found an opulent altar of Gozag.
  7306 | D:6      | Noticed an efreet
  7307 | D:6      | Noticed pokeman's ghost (novice DEWz)
  7484 | D:6      | Reached skill level 1 in Fighting
  7484 | D:6      | Killed from afar by Maggie
  7485 | D:6      | Reached XP level 6. HP: -8/25 MP: 2/13
  7625 | D:6      | Noticed Maggie
  7625 | D:6      | Maggie changed into Maggie the blink frog
  7628 | D:6      | Killed Maggie the blink frog
  7718 | D:6      | Reached XP level 7. HP: 28/28 MP: 1/14
  8387 | D:7      | Gained mutation: You are clumsy. (Dex -2) [potion of
                  | mutation]
  8387 | D:7      | Gained mutation: You are resistant to electric shocks.
                  | (rElec) [potion of mutation]
  8387 | D:7      | Gained mutation: You are occasionally teleported next to
                  | monsters. [potion of mutation]
  8387 | D:7      | Gained mutation: You expend magic power (3 MP) to
                  | strengthen your wands. [potion of mutation]
  8388 | D:7      | Lost mutation: You are resistant to electric shocks.
                  | (rElec) [potion of mutation]
  8388 | D:7      | Lost mutation: You expend magic power (3 MP) to strengthen
                  | your wands. [potion of mutation]
  8388 | D:7      | Lost mutation: You are clumsy. (Dex -2) [potion of
                  | mutation]
  8388 | D:7      | Gained mutation: Your spells are a little easier to cast,
                  | but a little less powerful. [potion of mutation]
  8388 | D:7      | Gained mutation: Potions are less effective at restoring
                  | your health. [potion of mutation]
  8388 | D:7      | Gained mutation: You are partially covered in icy blue
                  | scales. (AC +2) [potion of mutation]
  8673 | D:7      | Reached skill level 5 in Stealth
  8673 | D:7      | Reached skill level 6 in Summonings
  8924 | D:8      | Reached skill level 5 in Dodging
  8932 | D:8      | Learned a level 4 spell: Airstrike
  9243 | D:8      | Reached * piety under Sif Muna
  9376 | D:8      | Reached skill level 1 in Unarmed Combat
  9378 | D:8      | Noticed a steam dragon
  9392 | D:8      | Reached XP level 8. HP: 30/33 MP: 7/16
  9413 | D:8      | Killed from afar by a steam dragon
  9414 | D:8      | Reached XP level 7. HP: -2/30 MP: 6/15
  9445 | D:8      | Engulfed by a steam dragon's steam

Illustrated notes

Levels and vault maps discovered:
D:1:      dpeg_arrival_rhombi, layout_loops_ring, minmay_pentomino_p4
D:2:      layout_loops_cross, lemuel_doored_altar, serial_undead,
          serial_undead_c, serial_undead_c, serial_undead_b, serial_undead_d,
          serial_undead_b, serial_undead_f, serial_undead_a, uniq_jessica
D:3:      kennysheep_slugbush, layout_basic, cheibrodos_sewer_entry_sluice
D:4:      layout_cave_pools, kennysheep_mini, ashenzari_conservatory_becter,
          temple_fountains, serial_shops, nicolae_shop_stone,
          minmay_quadrilaterals, uniq_duvessa
D:5:      layout_basic, first_ration, kennysheep_cluttered_room,
          chequers_big_river
D:6:      layout_loops_corners, ebering_ghost_gozag, uniq_maggie
D:7:      layout_loops_ring, grunt_ogre_cave
D:8:      layout_cave_pools, minmay_manual_mail
Temple:   compressed_dpeg_circular_temple

Skill      XL: |  1  2  3  4  5  6  7  8 |
---------------+-------------------------+-----
Stealth        | 3 4 5 |  5.0
Dodging        | 3 4 5 |  5.4
Spellcasting   | 3 4 |  4.9
Evocations     | 1 2 3 |  3.6
Summonings     | 5 6 |  6.1
Air Magic      | 1 3 |  3.3
Conjurations   | 2 |  2.2
Fighting       | 1 2 |  2.0
Unarmed Combat | 1 |  1.3

Action                   |  1- 3 |  4- 6 |  7- 9 || total
-------------------------+-------+-------+-------++-------
Melee: Unarmed           |     7 |     4 |    40 ||    51
       Bite              |     1 |       |     5 ||     6
 Cast: Summon Small Mamm |    26 |    50 |    33 ||   109
       Call Imp          |    22 |    78 |    22 ||   122
       Call Canine Famil |     9 |    27 |    13 ||    49
       Shock             |       |     6 |    21 ||    27
       Summon Lightning  |       |     2 |    14 ||    16
Evoke: Wand              |       |     1 |     6 ||     7
  Use: Scroll            |     1 |     5 |    17 ||    23
       Potion            |       |     4 |    12 ||    16
 Stab: Sleeping          |     1 |       |       ||     1
       Distracted        |       |       |     1 ||     1
  Eat: Chunk             |    12 |    18 |     8 ||    38
Armor: Skin              |     3 |     2 |     9 ||    14
Dodge: Dodged            |    23 |    34 |    53 ||   110
